AoeStats
← DS_Kvothe

Arabia

508316445Analyzed
1v1 RM · 10d ago on Sep 21, 2026· 22m 44s· 2 players
Game mode
Random Map
Map size
Tiny (2 player)
Population
200
Speed
Normal
Resources
Standard
Victory
Conquest
Starting age
Dark Age
Ending age
Imperial Age
RankedLock teamsTeams togetherTeam positionsShared explorationLock speedFull tech treeHidden civsTurbo modeCheats
Victory
Defeat
🇦🇷 Lithuanians · Argentina
1890
+18
🇦🇷 Wei · Argentina
1925
-18
DS_Kvothe
12:01 Feudal Age
11:23 Loom
12:31 Double-Bit Axe
12:27 Horse Collar
15:22 Padded Archer Armor
16:24 Fletching
22:36 Castle Age
23:28 Scale Barding Armor
FMarcoss
6:35 Loom
9:24 Feudal Age
10:00 Double-Bit Axe
14:13 Fletching
15:37 Horse Collar
24:07 Castle Age
Connection lost

Rejoining the realm…

Still unreachable

The connection could not be restored.

Session expired

The server has moved on; the page needs a fresh start.